Map: Prion Terraces

Players

malign

  • Race: Zerg Zerg
  • League: Diamond

MCanning - Winner!

  • Race: Protoss Protoss
  • League: Grandmaster

VOD

Have the link to the VOD?

Description

Time

  • Played on: Dec. 3, 2015, 12:31 a.m.
  • Length: 6:13
Show
View Real Time Build Order
Export as new Build Order

malign Zerg 

Build Orders: Pool First 

Get SALT Encoding   

  12  0:01  Drone  
  13  0:08  Drone  
  14  0:19  Extractor  
  14  0:20  Drone  
  14  0:32  Spawning Pool  
  13  0:36  Drone  
  14  0:43  Overlord  
  14  0:51  Extractor  
  14  0:52  Drone  
  15  1:01  Drone  
  16  1:19  Zergling x4  
  16  1:20  Zergling x2  
  16  1:24  Metabolic Boost  
  19  1:28  Queen  
  19  1:31  Zergling x2  
  22  1:56  Hatchery  
  22  1:59  Overlord  
  21  2:03  Drone  
  22  2:09  Drone, Extractor  
  23  2:18  Queen  
  25  2:25  Drone  
  25  2:37  Drone x2  
  25  2:38  Drone  
  25  2:42  Drone x2  
  30  2:52  Overlord  
  30  3:05  Overlord  
  29  3:12  Zergling x4  
  31  3:16  Zergling x4  
  33  3:23  Zergling x2  
  33  3:24  Zergling x2  
  35  3:28  Zergling x2  
  35  3:33  Zergling x2  
  37  3:35  Zergling x2  
  37  3:37  Queen x2  
  37  3:41  Zergling x2  
  43  3:43  Overlord  
  43  3:44  Zergling x2  
  44  3:51  Overlord  
  36  4:24  Zergling x4  
  36  4:25  Zergling x6  
  36  4:26  Zergling x6  
  41  4:33  Zergling x12  
  41  4:37  Zergling x2  
  48  4:47  Zergling x2  
  48  4:48  Zergling x2  
  50  4:54  Hatchery  
  48  5:02  Zergling x6  
  48  5:03  Zergling x2  
  48  5:04  Zergling x8  
  55  5:10  Queen  
  55  5:12  Zergling x2  
  55  5:24  Zergling x4  
  55  5:27  Zergling x2  
  56  5:31  Zergling x6  
  56  5:32  Zergling x4  
  56  5:34  Zergling x2  
  59  5:40  Zergling x2  
  54  5:45  Zergling x2  
  47  5:51  Zergling x2  
Show
View Real Time Build Order
Export as new Build Order

MCanning Protoss - Winner!

Build Orders: Nexus First 

Get SALT Encoding   

  12  0:01  Probe (Chrono Boost)  
  13  0:12  Probe (Chrono Boost)  
  14  0:20  Pylon  
  14  0:22  Probe (Chrono Boost)  
  15  0:38  Probe (Chrono Boost)  
  16  0:48  Probe (Chrono Boost)  
  17  0:59  Nexus  
  17  1:10  Gateway  
  17  1:14  Probe (Chrono Boost)  
  18  1:22  Assimilator  
  18  1:25  Probe (Chrono Boost)  
  19  1:27  Assimilator  
  19  1:35  Probe (Chrono Boost)  
  20  1:42  Pylon  
  20  1:48  Gateway  
  19  1:57  Zealot (Chrono Boost)  
  21  2:02  Cybernetics Core  
  21  2:21  Zealot (Chrono Boost)  
  23  2:25  Pylon  
  23  2:33  Pylon  
  21  2:38  Mothership Core (Chrono Boost)  
  21  2:40  Adept (Chrono Boost)  
  25  2:46  Pylon  
  25  2:56  Warp Gate (Chrono Boost)  
  25  2:57  Adept (Chrono Boost)  
  27  3:05  Probe  
  27  3:07  Probe  
  29  3:18  Robotics Facility  
  29  3:23  Probe  
  29  3:24  Probe  
  31  3:33  Pylon  
  31  3:34  Probe  
  31  3:37  Probe  
  33  3:45  Probe  
  34  3:49  Probe  
  34  3:55  Probe  
  35  4:01  Gateway  
  36  4:07  Gateway  
  36  4:12  Pylon  
  32  4:28  Warp Prism (Chrono Boost)  
  34  4:31  Probe (Chrono Boost)  
  34  4:37  Probe (Chrono Boost)  
  36  4:43  Probe (Chrono Boost)  
  36  4:48  Sentry x2  
  40  4:53  Probe (Chrono Boost)  
  40  4:55  Probe (Chrono Boost)  
  42  5:01  Pylon  
  42  5:03  Probe (Chrono Boost), Observer  
  44  5:09  Probe (Chrono Boost)  
  44  5:12  Adept x3  
  51  5:14  Adept  
  51  5:16  Probe (Chrono Boost)  
  54  5:32  Sentry x2, Adept  
  60  5:40  Adept  
Tags
 
Add a new tag
Caveats
  • Supply blocks, unpowered buildings, or Contaminate may cause inaccurate times.
  • Supply counts are checked every 10 seconds.